 Dungeon Crawl Stone Soup version 0.31-a0-1059-g83d41fd8b6 (webtiles) character file.

Game seed: 602318770145040759

136 Lusmu the Sneak (level 5, -1/31 HPs)
             Began as an Octopode Fire Elementalist on Nov 21, 2023.
             Slain by an orc wizard
             ... wielding a +0 spear
              (5 damage)
             ... on level 3 of the Dungeon.
             The game lasted 00:11:28 (2429 turns).

Lusmu the Sneak (Octopode Fire Elementalist)        Turns: 2429, Time: 00:11:28

Health: -1/31      AC:  1    Str:  8    XL:     5   Next: 19%
Magic:  4/8        EV: 13    Int: 19    God:
Gold:   66         SH:  0    Dex: 12    Spells: 4/8 levels left

rFire   . . .        h - +1 short sword (vamp)
rCold   . . .        (no shield)
rNeg    . . .        (helmet restricted)
rPois   .            (no amulet)
rElec   .            (no ring)
rCorr   .            (no ring)
SInv    .            (no ring)
Will    +....        (no ring)
Stlth   ++++         (no ring)
HPRegen 0.25/turn    (no ring)
MPRegen 0.11/turn    (no ring)
                     (no ring)

%: no passive effects
@: enlightened, flying
A: almost no armour, amphibious, 8 rings, camouflage 1, gelatinous body 1,
(nimble swimmer 1), tentacles
a: no special abilities


You were on level 3 of the Dungeon.
You visited 1 branch of the dungeon, and saw 3 of its levels.

You collected 66 gold pieces.

Inventory:

Hand Weapons
 h - a +1 vampiric short sword (weapon)
Missiles
 j - 4 poisoned darts (quivered)
Scrolls
 c - a scroll of noise {unknown}
 d - a scroll of poison {unknown}
 e - a scroll of brand weapon {unknown}
 i - a scroll of fear {unknown}
Potions
 a - a potion of magic
 b - a potion of might {unknown}
 f - a potion of attraction {unknown}
 g - a potion of enlightenment


   Skills:
 - Level 2.0 Dodging
 + Level 4.9 Stealth
 - Level 2.0 Spellcasting
 + Level 2.8 Conjurations
 + Level 4.0 Fire Magic


You had 4 spell levels left.
You knew the following spells:

 Your Spells              Type           Power      Damage    Failure   Level
a - Foxfire               Conj/Fire      56%        2x1d6     4%          1
b - Mephitic Cloud        Conj/Pois/Air  5%         N/A       34%         3

Your spell library contained the following spells:

 Spells                   Type           Power      Damage    Failure   Level
 Scorch                   Fire           34%        2d6       4%          2
 Inner Flame              Hex/Fire       9%         N/A       22%         3
 Volatile Blastmotes      Fire/Tloc      18%        2d11      22%         3
 Poisonous Vapours        Pois/Air       2%         N/A       26%         2
 Stone Arrow              Conj/Erth      14%        3d7       28%         3
 Flame Wave               Conj/Fire      14%        2d6       38%         4
 Gell's Gravitas          Tloc           1%         N/A       45%         3
 Teleport Other           Tloc           1%         N/A       45%         3
 Freezing Cloud           Conj/Ice/Air   2%         6-21      97%         5
 Dispersal                Tloc           0%         N/A       100%        6
 Lehudib's Crystal Spear  Conj/Erth      3%         10d3      100%        8
 Animate Armour           Summ/Erth      Unusable   N/A       N/A         4

Dungeon Overview and Level Annotations

Branches:
Dungeon (3/15)

Altars:


Innate Abilities, Weirdness & Mutations

You cannot wear most types of armour.
You are amphibious.
You can wear up to eight rings at the same time.
Your skin changes colour to match your surroundings (Stealth+).
Your rubbery body absorbs attacks. (AC +1, EV +1)
((You are camouflaged when in or above water. (Stealth+)))
You have tentacles for arms and can constrict up to eight enemies at once.


Message History

You bump into the rock wall.
Your magical contamination has completely faded away.
It was a potion of enlightenment.
You feel very buoyant.
You fly up into the air.
The orc wizard hits you from afar with a +0 spear.
You bump into the rock wall.
The orc wizard barely misses you.
The orc wizard attacks as it pursues you!
The orc wizard hits you from afar with a +0 spear.
The orc wizard casts a spell at you. You resist with almost no effort.
You're too confused to cast spells.
Unknown command.
You feel less confused.
Casting: Foxfire (safe; 4% risk of failure)
Confirm with . or Enter, or press ? or * to list all spells.
You conjure some foxfire!
The orc wizard gestures wildly while chanting.
The orc wizard flickers and vanishes!
Deactivating autopickup; reactivate with Ctrl-A.
The foxfire hits something. x2
Casting: Foxfire (safe; 4% risk of failure)
Confirm with . or Enter, or press ? or * to list all spells.
You conjure some foxfire!
The foxfire hits something. x2
Casting: Foxfire (safe; 4% risk of failure)
Confirm with . or Enter, or press ? or * to list all spells.
You conjure some foxfire!
Something hits you.
* * * LOW HITPOINT WARNING * * *
Your foxfire dissipates!
The foxfire hits something but does no damage.
A magic dart appears from out of thin air!
The magic dart hits you.
* * * LOW HITPOINT WARNING * * *
Casting: Foxfire (safe; 4% risk of failure)
Confirm with . or Enter, or press ? or * to list all spells.
You conjure some foxfire!
Your foxfire dissipates!
The foxfire hits something.
Something hits you.
You die...

#...# #........
#.#.# #..[.....
#.#.### #........
#.#...# #........
#.###.####.)......
#.# #..##.)#######
#.# ##...)<# #.#
#..##.####### #@#
#....)....... #.##
#.....#######
#..###...#.#
##.##..#...#
#.....#...#
#.....#..##
#.####...## #.#
#.#..## #.#
#.##..###


There were no monsters in sight!

Vanquished Creatures
  An iguana (D:3)
  An orc wizard (D:2)
  Robin (D:2)
  3 worms
  9 orcs
  3 ball pythons
  4 endoplasms
  A giant cockroach (D:2)
  9 goblins
  7 hobgoblins
  3 jackals (D:2)
  7 kobolds
  A quokka (D:1)
  A frilled lizard (D:1)
  5 rats
56 creatures vanquished.

Vanquished Creatures (others)
  107 foxfires
107 creatures vanquished.

Grand Total: 163 creatures vanquished

Notes
Turn   | Place    | Note
-------+----------+-------------------------------------------
     0 | D:1      | Lusmu the Octopode Fire Elementalist began the quest for
                  | the Orb.
     0 | D:1      | Reached XP level 1. HP: 11/11 MP: 3/3
   280 | D:1      | You fall into a shaft and drop 1 floor!
   290 | D:1      | Reached XP level 2. HP: 17/17 MP: 5/5
   965 | D:2      | Reached XP level 3. HP: 17/21 MP: 0/6
  1386 | D:2      | Noticed Robin
  1650 | D:2      | Killed Robin
  1651 | D:2      | Reached XP level 4. HP: 27/27 MP: 2/7
  1979 | D:3      | Learned a level 3 spell: Mephitic Cloud
  2161 | D:2      | Reached XP level 5. HP: 17/31 MP: 2/8
  2429 | D:3      | Slain by an orc wizard

Illustrated notes

Levels and vault maps discovered:
D:1:      dpeg_arrival_oval, layout_loops_cross
D:2:      layout_basic, uniq_robin
D:3:      layout_rooms, serial_shops, shop, uniq_sigmund

Skill      XL: |  1  2  3  4 |
---------------+-------------+-----
Stealth        | 3 4 |  4.9
Conjurations   | 2 |  2.8
Fire Magic     | 4 |  4.0
Dodging        | |  2.0
Spellcasting   | |  2.0

Action                     |  1- 3 |  4- 6 || total
---------------------------+-------+-------++-------
  Melee: Dagger            |    29 |       ||    29
         Constrict         |     9 |     7 ||    16
         Tentacles         |     3 |    11 ||    14
         Short sword       |     7 |    20 ||    27
  Throw: Dart              |     3 |     2 ||     5
   Cast: Foxfire           |    54 |    28 ||    82
    Use: Potion            |       |     1 ||     1
   Stab: Sleeping          |     5 |       ||     5
 Armour: Skin              |    17 |    21 ||    38
  Dodge: Dodged            |    54 |    11 ||    65

Table legend: (Time is in decaauts)
 A = Elapsed time spent in this place.
 B = Non-inter-level travel time spent in this place.
 C = Inter-level travel time spent in this place.
 D = Time resting spent in this place.
 E = Time spent auto-exploring this place.
 F = Levels seen in this place.
 G = Mean time per level.
                   A        B        C        D        E       F      G
               +--------+--------+--------+--------+--------+-----+--------+
         Total |   2431 |   2176 |    255 |    575 |    822 |   3 |  810.3 |
       Dungeon |   2431 |   2176 |    255 |    575 |    822 |   3 |  810.3 |
               +--------+--------+--------+--------+--------+-----+--------+

Top non-repeatable levels by time:
     D:2: 1508 daAuts
     D:1: 757 daAuts
     D:3: 166 daAuts
